[Event "*** Titled Tuesday Blitz"]
[Site "Chess.com"]
[Date "2020.12.01"]
[Round "5"]
[White "Duhless"]
[Black "AlexeiShirov"]
[Result "1-0"]
[WhiteElo "3005"]
[BlackElo "2850"]
[TimeControl "180+1"]
[EndTime "10:56:07 PST"]
[Termination "Duhless won on time"]

1. d4 d5 2. c4 c6 3. Nf3 Nf6 4. Nc3 e6 5. Bg5 h6 6. Bxf6 Qxf6 7. e3 Nd7 8. Be2 dxc4 9. O-O Bd6 10. Ne4 Qe7 11. Nxd6+ Qxd6 12. Bxc4 O-O 13. Rc1 b6 14. Qe2 Bb7 15. Ba6 Bxa6 16. Qxa6 c5 17. Rfd1 Qe7 18. h3 Rfd8 19. a3 Qe8 20. b4 cxd4 21. Nxd4 Ne5 22. Qb7 Rd7 23. Qe4 Ng6 24. Nc6 Rxd1+ 25.
Rxd1 b5 26. Rd6 a6 27. g3 Rc8 28. Kg2 Nf8 29. Nd4 Ra8 30. Qb7 e5 31. Nc6 Ng6 32.
h4 h5 33. Rd7 Rc8 34. Ne7+ Nxe7 35. Rxe7 Qc6+ 36. Qxc6 Rxc6 37. Rxe5 Rc3 38. Rxh5 Rxa3 39. Rc5 g6 40. Rc6 Kg7 41. Kf3 Ra2 42. g4 Kh7 43.
Rb6 Kg7 44. Kg3 f5 45. h5 gxh5 46. gxf5 Rb2 47. e4 Rxb4 48. Kf4 h4 49. Rxa6 h3 50. Rg6+ Kf7 51. Rg3 Rb2 52. Rxh3 Rxf2+ 53. Ke5 Ke7 54.
Rh7+ Kd8 55. Ke6 b4 56. e5 b3 57. Rd7+ Kc8 58. Rd3 b2 59. Rb3 Kd8 60. f6 Rc2 61. Rd3+ Kc7 62. Rb3 Rc6+ 63. Ke7 1-0

[Event "*** Titled Tuesday Blitz"]
[Site "Chess.com"]
[Date "2020.12.01"]
[Round "5"]
[White "Lysiak_Poltorak"]
[Black "CheckThis4"]
[Result "1-0"]
[WhiteElo "2378"]
[BlackElo "2542"]
[TimeControl "180+1"]
[EndTime "10:56:07 PST"]
[Termination "Lysiak_Poltorak won by checkmate"]

1. d4 Nf6 2. c4 e5 3. dxe5 Ng4 4. e3 Nxe5 5. f4 Nec6 6. Nc3 Bb4 7. Bd2 a5 8. Bd3 Na6 9. Nf3 d6 10. a3 Nc5 11. Bc2 Bxc3 12. Bxc3 a4 13. O-O Qe7 14. Bxg7 Rg8 15. Bd4 Ne4 16. Bxe4 Qxe4 17. Ng5 Qg6 18. Qb1 Bf5 19. e4 Nxd4 20. exf5 Qxf5 21. Re1+ Kd7 22. Qxf5+ Nxf5 23. Nxh7 Rg6 24. Ng5 f6 25. Nf3 Ra6 26. Re2 Rb6 27. Rae1 Rb3 28. Kf2 c5 29. Rd1 Rg7 30. g3 Rg8 31. Red2 Kc6 32. Re2 Kd7 33.
Rdd2 b5 34. cxb5 Rxb5 35. Rd5 Ne7 36. Rh5 Rg7 37. Nh4 Rb3 38. Nf5 Nxf5 39. Rxf5 Kc6 40. Rxf6 Rgb7 41. Rd2 Rxb2 42. Rxd6+ Kc7 43. Rd7+ Kc8 44.
Rxb7 Rxd2+ 45. Ke3 Rxh2 46. Ra7 Rg2 47. Kf3 Rb2 48.
Rxa4 Kb7 49. g4 Kb6 50. Rc4 Kb5 51. Rc1 c4 52. g5 Rb3+ 53. Kg4 Rxa3 54. f5 c3 55. g6 Kc4 56. Kg5 Ra2 57. f6 Rg2+ 58. Kh6 Rh2+ 59. Kg7 Kd3 60. f7 Kd2 61. Rxc3 Kxc3 62.
f8=Q Rd2 63. Qf6+ Kd3 64. Qd6+ Ke3 65. Qxd2+ Kxd2 66. Kf7 Ke3 67. g7 Kf4 68. g8=Q Ke5 69. Qg6 Kd5 70. Qf6 Kc4 71. Ke6 Kd3 72. Qe5 Kc2 73. Kd5 Kb3 74. Qe4 Ka3 75. Qc4 Kb2 76.
Kd4 Ka3 77. Qb5 Ka2 78. Kc3 Ka1 79. Qb2# 1-0

[Event "*** Titled Tuesday Blitz"]
[Site "Chess.com"]
[Date "2020.12.01"]
[Round "5"]
[White "Fandorine"]
[Black "Ginger_GM"]
[Result "1-0"]
[WhiteElo "2854"]
[BlackElo "2615"]
[TimeControl "180+1"]
[EndTime "10:56:08 PST"]
[Termination "Fandorine won by resignation"]

1. c4 f5 2. e4 fxe4 3. Nc3 Nf6 4. d3 e5 5. dxe4 Bb4 6. Bd2 O-O 7. Bd3 d6 8. f3 a5 9. Nge2 Bc5 10. Qc2 Nc6 11. a3 Nd4 12. Nxd4 Bxd4 13. O-O-O c6 14. Kb1 Be6 15.
Bc1 Rb8 16. h4 Qe7 17. h5 b5 18.
cxb5 cxb5 19. Nxb5 Rfc8 20. Qa4 Bb6 21. Bg5 Bc5 22. h6 Qf7 23. Rc1 Ba2+ 24. Ka1 Bb3 25. Qxa5 Ra8 26. Qc3 Rcb8 27. hxg7 Nd7 28. Rh6 Nb6 29.
Nxd6 Bxd6 30. Rxd6 Na4 31. Qxb3 Rxb3 32. Bc4 Nxb2 33.
Bxf7+ Kxf7 34. Rc7+ Kg8 35. Rd8+ Rxd8 36. Bxd8 Nd3 37. Bf6 Rxa3+ 38. Kb1 Ra8 39. Rd7 Rb8+ 40. Kc2 Nb4+ 41. Kd2 Nc6 42. g4 Rc8 43. Ke3 h6 44. Kf2 Kh7 45. Kg3 Kg6 46. Rd6 Kf7 47. Kh4 Nd4 48.
Kg3 Ne2+ 49. Kf2 Nf4 50. Bxe5 Ne6 51. Kg3 Re8 52. Rd7+ Kg6 53. Rd5 Kf7 54. Bd6 Ng5 55.
Be5 Kg6 56. f4 Nxe4+ 57. Kf3 Nf6 58. Rd6 Kxg7 59. Bxf6+ Kf7 60. Be5 Rc8 61. Rf6+ Ke7 62. Rxh6 Ra8 63. Ke4 1-0

[Event "*** Titled Tuesday Blitz"]
[Site "Chess.com"]
[Date "2020.12.01"]
[Round "5"]
[White "NeverW84M8"]
[Black "Leo_C"]
[Result "1-0"]
[WhiteElo "2538"]
[BlackElo "2370"]
[TimeControl "180+1"]
[EndTime "10:56:08 PST"]
[Termination "NeverW84M8 won on time"]

1. e4 c6 2. Nc3 d5 3. Nf3 Bg4 4. h3 Bh5 5. exd5 cxd5 6. d4 Nc6 7. Bb5 Rc8 8. g4 Bg6 9. Ne5 e6 10. h4 f6 11. Nxg6 hxg6 12. Bd3 Kf7 13. Be3 Bd6 14. Qf3 Nge7 15. a3 Qb6 16. Nb5 Bb8 17. O-O-O a6 18.
Nc3 Bd6 19. Na4 Qa5 20. Nc5 Bxc5 21. dxc5 d4 22. Bd2 Qxc5 23. Kb1 Ne5 24. Qe4 Nxd3 25.
Qxd3 Qc4 26. Qxc4 Rxc4 27. b3 Rcc8 28. f4 Nc6 29. Be1 e5 30. fxe5 fxe5 31. Bg3 e4 32.
Rhf1+ Ke6 33. Rf4 e3 34. c3 e2 35. Re4+ Kf7 36. Rxe2 dxc3 37. Rd7+ Kg8 38. Kc2 Kh7 39.
g5 Rhf8 40. Rf2 Rfe8 41. Bf4 Re4 42. Bc1 Nd4+ 43. Kd3 Nxb3 44. Kxe4 Nxc1 45. Rxb7 Na2 46. Rxa2 c2 47. Rxc2 Rxc2 48. Rb6 Rh2 49. Rxa6 Rxh4+ 50. Kd5 Rg4 51. a4 Rxg5+ 52. Kc6 Rf5 53. Rb6 g5 54.
Rb5 Rf4 55. a5 Ra4 56. Kb6 Kh6 57. a6 Rxa6+ 58. Kxa6 Kh5 59. Ka5 Kh4 60. Kb4 g4 61. Kc3 Kh3 62. Kd2 g3 63. Rg5 g2 64. Ke2 Kh2 65. Kf2 g1=Q+ 66. Rxg1 g5 67. Rxg5 1-0

[Event "*** Titled Tuesday Blitz"]
[Site "Chess.com"]
[Date "2020.12.01"]
[Round "5"]
[White "maheswaran26"]
[Black "SlavenPastar"]
[Result "0-1"]
[WhiteElo "2192"]
[BlackElo "2516"]
[TimeControl "180+1"]
[EndTime "10:56:10 PST"]
[Termination "SlavenPastar won on time"]

1. d4 b6 2. Nf3 Bb7 3. c4 Nf6 4. Nc3 e6 5. a3 Be7 6. d5 O-O 7. e4 d6 8. Bd3 e5 9. O-O a5 10. b3 Na6 11. Bc2 Bc8 12. Ne1 Bg4 13. f3 Bh5 14.
Nd3 Re8 15. Be3 Nc5 16. Nxc5 bxc5 17. Qd2 Nd7 18. Rfb1 h6 19. Na4 Bg5 20. Bxg5 hxg5 21. g4 Bg6 22. b4 axb4 23. axb4 cxb4 24. Qxb4 Qf6 25. Qc3 Qf4 26. Ra3 f6 27. Qe3 Kf7 28.
Kg2 Rh8 29. Qxf4 exf4 30. Rb7 Rhc8 31. Rc3 Rab8 32. Rcb3 Ke7 33. Rxb8 Rxb8 34. Rxb8 Nxb8 35. c5 c6 36. cxd6+ Kxd6 37. e5+ fxe5 38. Bxg6 cxd5 39.
Nc3 Nc6 40. Bf7 Nb4 41. h4 gxh4 42. g5 Kc5 43. Kh3 Kd4 44. Nb5+ Ke3 45. Bh5 d4 46.
Kxh4 d3 47. Nc3 d2 48. Kg4 Kd3 49. Nd1 Nd5 50. Bg6+ Ke2 51. Nb2 Ne3+ 52. Kh5 Kxf3 53. Be8 Kg3 54. Kg6 f3 55. Bb5 Kh4 56. Kxg7 Kxg5 57.
Kf7 d1=Q 58. Nxd1 Nxd1 59. Ke6 Kf4 60. Kd5 Nc3+ 0-1

[Event "*** Titled Tuesday Blitz"]
[Site "Chess.com"]
[Date "2020.12.01"]
[Round "5"]
[White "Sacbutt"]
[Black "mjray79"]
[Result "1/2-1/2"]
[WhiteElo "2267"]
[BlackElo "2435"]
[TimeControl "180+1"]
[EndTime "10:56:11 PST"]
[Termination "Game drawn - insufficient material"]

1. e4 e5 2. Nf3 Nc6 3. Bc4 Bc5 4.
c3 Nf6 5. d3 O-O 6. O-O d5 7.
exd5 Nxd5 8. Re1 Bg4 9. h3 Bh5 10. Nbd2 Nb6 11. Ne4 Nxc4 12. Nxc5 Nd6 13. g4 Bg6 14.
Nxe5 Nxe5 15. Rxe5 Qh4 16. Qf3 h6 17. d4 b6 18. Nd3 f5 19. Nf4 Bh7 20. Ng2 Qf6 21. gxf5 Bxf5 22. Be3 Kh8 23. b3 Qg6 24. Qg3 Qxg3 25.
fxg3 Bxh3 26. Nf4 Bf5 27. c4 Rae8 28. Re1 Rxe5 29. dxe5 Ne4 30. Kg2 Re8 31. Bd4 c5 32.
Bb2 Ng5 33. Nd5 Be4+ 34. Kf2 Kg8 35. Ke3 Rf8 36. Nf4 Kf7 37. Rd1 Ke7 38. a3 Bc2 39. Rd2 Be4 40. b4 cxb4 41. axb4 Rc8 42. Nd5+ Ke6 43.
Rd4 Bf5 44. Nf4+ Ke7 45. c5 bxc5 46. bxc5 Ne6 47. Nd5+ Ke8 48. Rc4 Rxc5 49. Rxc5 Nxc5 50. Ba3 Nb7 51. Kf4 Be6 52. Nc7+ Kd7 53. Nxe6 Kxe6 54.
g4 Nd8 55. g5 hxg5+ 56. Kxg5 Kxe5 57. Kg6 Ne6 58. Bb4 Kd5 59. Kf7 g5 60. Kf6 g4 61.
Be1 Nd4 62. Kg5 Ke4 63. Kxg4 Kd3 64. Kf4 Nc2 65. Ba5 Kc4 66. Bd8 Nb4 67. Kf3 Nc6 68. Bc7 Kd5 69. Ke2 Ke6 70. Kd2 Kd7 71. Bf4 a5 72. Kc1 Ke6 73. Kb2 Kd5 74. Bd2 Kc4 75.
Bxa5 1/2-1/2

[Event "*** Titled Tuesday Blitz"]
[Site "Chess.com"]
[Date "2020.12.01"]
[Round "5"]
[White "ARMQUEEN"]
[Black "YIYUKI"]
[Result "0-1"]
[WhiteElo "2486"]
[BlackElo "2352"]
[TimeControl "180+1"]
[EndTime "10:56:14 PST"]
[Termination "YIYUKI won by resignation"]

1. e4 e5 2. Nf3 Nc6 3. d4 exd4 4. Nxd4 Bc5 5. Nb3 Bb6 6. Nc3 Nf6 7. Qe2 O-O 8. Bg5 h6 9. Bh4 Re8 10. O-O-O a5 11.
a4 d6 12. Nd5 g5 13. Bg3 Nxe4 14. Qh5 Kg7 15. Nxb6 cxb6 16. Bd3 Bf5 17. Bxe4 Rxe4 18. Bxd6 Qf6 19. Qf3 Rae8 20. Bc7 Nb4 21. Rd6 Re1+ 22. Rxe1 Rxe1+ 23. Rd1 Rxd1+ 24. Qxd1 Bxc2 25. Qd4 Bxb3 26. Be5 Nd3+ 27. Qxd3 Qxe5 28. Qxb3 Qe1+ 29. Kc2 Qxf2+ 30. Kd3 Qf5+ 31. Ke3 Qf4+ 32. Ke2 Qe4+ 33. Kf2 Qf4+ 34. Ke2 Qe4+ 35. Kf2 Qc6 36. g3 Qc5+ 37. Kf3 Kg6 38. g4 Qc6+ 39. Kg3 f5 40. Qg8+ Kf6 41. Qf8+ Kg6 42. Qxf5+ Kg7 43. Qe5+ Kg8 44. Qd4 Qc7+ 45. Kf3 Qf7+ 46. Kg2 Qb3 47. Qd8+ Kf7 48. Qc7+ Ke6 49. Qc8+ Kd6 50. Qd8+ Kc5 51. Qe7+ Kc4 52. Qe6+ Kb4 53.
Qxb6+ Kxa4 54. Qd4+ Qb4 55. Qd7+ b5 56. Qd1+ Qb3 57.
Qd4+ Qc4 58. Qd1+ Kb4 59. Qd2+ Kb3 60. h3 Qc2 61. Qxc2+ Kxc2 62. Kf3 Kxb2 63. Ke4 a4 64. Kf5 a3 65. Kg6 a2 66. Kxh6 a1=Q 67. Kxg5 Qc1+ 68.
Kg6 Kc3 69. h4 Kd4 70. h5 Ke5 71. h6 Qf4 72. g5 Qf5+ 73. Kg7 Qxg5+ 74. Kh7 Kf6 75.
Kh8 Qxh6+ 0-1

[Event "*** Titled Tuesday Blitz"]
[Site "Chess.com"]
[Date "2020.12.01"]
[Round "5"]
[White "ChessWarrior7197"]
[Black "youngKID"]
[Result "0-1"]
[WhiteElo "2980"]
[BlackElo "2862"]
[TimeControl "180+1"]
[EndTime "10:56:19 PST"]
[Termination "youngKID won by checkmate"]

1. e4 e5 2. Nf3 Nc6 3. Bb5 Nf6 4. d3 Bc5 5. c3 O-O 6. O-O d5 7. exd5 Nxd5 8. Bxc6 bxc6 9. Nxe5 Bd6 10. d4 c5 11. Re1 Bb7 12. c4 Nb6 13. dxc5 Bxc5 14. Nc3 Qf6 15. Ng4 Qc6 16. Ne4 Rfe8 17. Nh6+ gxh6 18.
Qg4+ Kh8 19. Bxh6 Qxh6 20. Nxc5 Bc6 21. g3 Qf6 22. Ne4 Qxb2 23. Rad1 Qg7 24. Qf4 Qe5 25.
Qxf7 Bxe4 26. c5 Nd5 27. f3 Bg6 28. Qxd5 Qxd5 29. Rxe8+ Rxe8 30. Rxd5 Re7 31. Kf2 Kg7 32. g4 Bf7 33. Rd2 Re6 34. Rc2 Ra6 35. Rc3 Rxa2+ 36.
Kg3 a5 37. Re3 c6 38. Re7 a4 39. h4 a3 40. h5 Ra1 41. h6+ Kf8 42. Ra7 a2 43. Kf4 Rd1 44. Ra8+ Ke7 45. Ra7+ Ke8 46. Ra8+ Kd7 47. Ra7+ Kc8 48. Rxf7 a1=Q 49. Kf5 Qd4 50.
Rxh7 Qd3+ 51. Kf6 Qxh7 52. g5 Qh8+ 53. Kg6 Rd7 54. f4 Qe8+ 55. Kf5 Qf7+ 56. Kg4 Rd4 57. h7 Qxf4+ 58. Kh5 Qh4+ 59. Kg6 Rd7 60. h8=Q+ Qxh8 61. Kf5 Qg7 62. Kg4 Rd5 63. Kf3 Qxg5 64. Ke4 Qe7+ 65.
Kf4 Qe6 66. Kf3 Rf5+ 67. Kg3 Qg6+ 68. Kh4 Rh5# 0-1

[Event "*** Titled Tuesday Blitz"]
[Site "Chess.com"]
[Date "2020.12.01"]
[Round "5"]
[White "marciojor"]
[Black "Chessalary"]
[Result "1/2-1/2"]
[WhiteElo "2252"]
[BlackElo "2403"]
[TimeControl "180+1"]
[EndTime "10:56:19 PST"]
[Termination "Game drawn - insufficient material"]

1. e4 c5 2. Nf3 d6 3. d4 cxd4 4. Nxd4 Nf6 5. Nc3 a6 6. Be2 e6 7. O-O Be7 8. Be3 O-O 9. f4 Qc7 10. Bf3 Nc6 11. Qe1 Nxd4 12. Bxd4 e5 13. fxe5 dxe5 14.
Be3 Be6 15. Rd1 Rfd8 16. Qg3 Bc5 17. Bxc5 Qxc5+ 18. Kh1 Bc4 19. Rfe1 Rd4 20. Nd5 Bxd5 21. exd5 Qxc2 22. Qxe5 Rxd1 23. Rxd1 Rd8 24. d6 h6 25.
h3 Rd7 26. Kh2 Qa4 27. Rd4 Qxa2 28. Rb4 Qe6 29. Qxe6 fxe6 30. Bxb7 Rxd6 31. Ra4 Rb6 32. Bxa6 Rxb2 33. Bc4 Rb6 34. Ra7 Rc6 35. Ba2 Kf8 36. Kg3 g5 37. Kf3 Rd6 38. Ke3 Nd7 39. Bb3 Ke7 40.
Ba4 e5 41. Ke4 Rd4+ 42. Kf5 Rf4+ 43. Kg6 Rf6+ 44. Kh5 Rd6 45. Kg4 Ke6 46. Bxd7+ Rxd7 47. Rxd7 Kxd7 48. Kf5 Kd6 49. Ke4 h5 50. Kf5 Kd5 51. Kxg5 e4 52. Kf4 Kd4 53. g4 hxg4 54. hxg4 e3 55.
g5 Kd3 56. g6 e2 57. g7 e1=Q 58. g8=Q Qe4+ 59. Kg3 Qe3+ 60. Kh4 Qf4+ 61. Kh3 Qf1+ 62.
Kh2 Qf2+ 63. Qg2 Qh4+ 64. Qh3+ Qxh3+ 65. Kxh3 1/2-1/2

[Event "*** Titled Tuesday Blitz"]
[Site "Chess.com"]
[Date "2020.12.01"]
[Round "5"]
[White "davidkalashian"]
[Black "Sunnika"]
[Result "1-0"]
[WhiteElo "2550"]
[BlackElo "2346"]
[TimeControl "180+1"]
[EndTime "10:56:31 PST"]
[Termination "davidkalashian won on time"]

1. e4 e6 2. d4 d5 3. Nd2 Nf6 4.
e5 Nfd7 5. Bd3 c5 6. c3 Nc6 7.
Ne2 cxd4 8. cxd4 f6 9. exf6 Qxf6 10. O-O Bd6 11. Nf3 h6 12. a3 O-O 13. b4 a6 14. Bb2 Rf7 15. Ng3 Nf8 16. Qe2 Bd7 17. Ne5 Bxe5 18. dxe5 Qh4 19. Qh5 Qxh5 20. Nxh5 Be8 21.
f4 Rc7 22. Ng3 Ne7 23. Rac1 Rac8 24. Rxc7 Rxc7 25. Rc1 Rxc1+ 26. Bxc1 Bg6 27. Bf1 Bc2 28. Kf2 Nf5 29. Nxf5 exf5 30. Ke3 Ne6 31. Be2 Kf7 32. g3 b5 33. Bb2 Bb3 34. Bd4 Bc4 35. Bd1 g6 36. a4 Nd8 37. a5 Nc6 38. Bc5 d4+ 39. Kd2 Bd5 40. Be2 h5 41. Bd1 Ke6 42. Bc2 Be4 43.
Bd1 Bd5 44. Be2 Be4 45. Bf1 Bd5 46. h3 Bf3 47. Kd3 Be4+ 48. Kd2 Kd5 49. Be2 Bg2 50. g4 fxg4 51. hxg4 h4 52. Ke1 Ke4 53. Kf2 h3 54. Bd1 Kxf4 55. Bd6 Ke4 56. e6 d3 57. e7 Nxe7 58.
Bxe7 Kd4 59. Bd6 Kc3 60. Ke3 h2 61. Bxh2 Kxb4 62. Bc7 Kc3 63. Be5+ Kb4 64. Kxd3 Kxa5 65. Kd4 Kb6 66. Bc2 g5 67. Bf6 a5 68. Bxg5 a4 69. Kc3 Kc5 70. Be3+ Kd5 71. g5 Ke6 72. g6 1-0

[Event "*** Titled Tuesday Blitz"]
[Site "Chess.com"]
[Date "2020.12.01"]
[Round "5"]
[White "woodhy"]
[Black "Keures"]
[Result "0-1"]
[WhiteElo "2450"]
[BlackElo "2254"]
[TimeControl "180+1"]
[EndTime "10:56:31 PST"]
[Termination "Keures won by resignation"]

1. e4 e6 2. d4 d5 3. e5 c5 4. c3 Qb6 5. Nf3 Bd7 6. a4 c4 7. g3 Nc6 8. Bg2 Na5 9. Nbd2 Ne7 10. O-O Nc8 11. Rb1 Qc7 12. Qc2 Nb6 13. Ra1 Be7 14. Ne1 Bc6 15. f4 g6 16. Kh1 Qd7 17.
Bh3 Bxa4 18. Qb1 Nb3 19. Ra2 h5 20. Ng2 Bb5 21. Ne3 a6 22. Qc2 Nxd2 23. Bxd2 Ba4 24. Qb1 Bb3 25. Ra1 O-O-O 26. Bg2 Kb8 27. Nd1 Ka7 28. Nf2 Rdg8 29. h4 Qb5 30. Nh3 Rg7 31. Ng5 Rhg8 32. Rf2 Rf8 33. Bf3 Qc6 34. Re2 Rfg8 35. Kg2 Rf8 36. Qe1 Rfg8 37. Qf2 Rf8 38. Qe3 Rfg8 39. Ree1 Rf8 40. Reb1 Rfg8 41. Rh1 Rf8 42. Be1 Rfg8 43. Bf2 Rf8 44. Qd2 Rfg8 45. Rh2 Rf8 46. Rah1 Rfg8 47. g4 hxg4 48. Bxg4 Rh8 49.
h5 gxh5 50. Rxh5 Rxh5 51. Rxh5 Qe8 52. Kf1 Qg8 53. Qe3 Bc2 54. Bh4 Bd3+ 55. Ke1 Bg6 56. Rh6 Na4 57. Qf2 Nb6 58. Kd2 Nd7 59. Kc1 Nf8 60.
Nf3 Bxh4 61. Qxh4 Rh7 62. Ng5 Rxh6 63. Qxh6 Nh7 64. Nxh7 Qxh7 65. Qxh7 Bxh7 66. Bh5 Bg6 67. Bd1 b5 68. Kd2 a5 69. Kc1 b4 70. Kd2 Kb6 71.
Ba4 Kc7 72. Be8 Kd8 73. Ba4 Ke7 74. Bb5 Kf8 75. Ke3 Kg7 76. Kf3 Kh6 77. Kg4 Bf5+ 78. Kh4 Bc2 79. Kg3 bxc3 80. bxc3 a4 81. Be8 Kg7 82. f5 a3 83. fxe6 fxe6 84. Ba4 Bxa4 0-1

[Event "*** Titled Tuesday Blitz"]
[Site "Chess.com"]
[Date "2020.12.01"]
[Round "5"]
[White "BilodeauA"]
[Black "ArjunErigaisi2003"]
[Result "0-1"]
[WhiteElo "2832"]
[BlackElo "2923"]
[TimeControl "180+1"]
[EndTime "10:56:35 PST"]
[Termination "ArjunErigaisi2003 won by resignation"]

1. e4 c6 2. Nf3 d5 3. d3 dxe4 4. dxe4 Qxd1+ 5. Kxd1 Nf6 6. Nbd2 Bg4 7. Be2 Bxf3 8.
Bxf3 Nbd7 9. Be2 O-O-O 10. Bc4 Ne5 11. Bb3 Nxe4 12. Ke2 Nxd2 13. Bxd2 e6 14. Bg5 Rd7 15. Rad1 h6 16. Bf4 Ng6 17. Be3 b6 18. a4 Bc5 19.
Rxd7 Kxd7 20. Bxc5 bxc5 21. g3 Kc7 22. Ke3 Rb8 23. Rd1 Rb4 24. h4 Ne7 25. Kd3 Rd4+ 26. Ke2 Rxd1 27. Kxd1 a5 28. c3 Kd6 29. Ke2 Nd5 30.
Kd3 Nb6 31. Ke4 g5 32. hxg5 hxg5 33. Ke3 f5 34. Kf3 Ke5 35. Ke3 g4 36. Kd2 c4 37.
Bd1 Nd7 38. Be2 Kd5 39. Ke3 Nc5 40. Bd1 Ke5 41. Bc2 Nb3 42. Bd1 Nc5 43. Bc2 Ne4 44. Bd1 Nf6 45. Be2 Nd5+ 46. Kd2 Nb6 47. Bd1 Kf6 48. Ke3 e5 49. Bc2 c5 50. Bd1 e4 51.
Kd2 Kg5 52. Bc2 Kf6 53. Ke3 Ke5 54. Kd2 f4 55. gxf4+ Kxf4 56. Ke2 Nd7 57. b3 Ne5 58. bxc4 Nxc4 59. Bb3 Ne5 60. Be6 Nd3 61. Bd7 Ne5 62.
Be6 Nf3 63. Bd7 Nh4 64. Bc8 Nf5 65. Be6 Nd6 66. Bd7 Nc4 67. Bb5 Nb6 68. Bc6 c4 69. Bb5 Nd5 70. Kd2 Kf3 71. Bxc4 Nb6 72. Be2+ Kxf2 73.
Bxg4 Nxa4 74. Bd1 e3+ 75. Kd3 Nb2+ 0-1

[Event "*** Titled Tuesday Blitz"]
[Site "Chess.com"]
[Date "2020.12.01"]
[Round "5"]
[White "exoticprincess"]
[Black "LiamVrolijk"]
[Result "1-0"]
[WhiteElo "2912"]
[BlackElo "2825"]
[TimeControl "180+1"]
[EndTime "10:56:40 PST"]
[Termination "exoticprincess won by resignation"]

1. c4 Nf6 2. Nc3 e5 3. g3 Bb4 4. Bg2 O-O 5. e3 c6 6. Nge2 d5 7. cxd5 cxd5 8. d4 e4 9. O-O Nc6 10.
Bd2 Re8 11. Rc1 Bf5 12. h3 Qd7 13. Kh2 Rad8 14. Na4 Bxd2 15. Qxd2 h5 16. Nc5 Qe7 17. b4 Rc8 18. b5 Nd8 19. Qb4 Ne6 20. a3 h4 21. gxh4 Nh5 22. Ng3 Bg6 23. Nxe6 Qxe6 24.
Rc5 b6 25. Rxc8 Rxc8 26. Qa4 Rc7 27. Qd1 Qd6 28. Qg4 Nf6 29. Qg5 Rc2 30. Kg1 Nh7 31.
Qg4 Nf6 32. Qg5 Nh7 33. Qe5 Qxe5 34. dxe5 Nf8 35. h5 Bh7 36. Rd1 Rc5 37. a4 Nd7 38. Bxe4 Nxe5 39. Rxd5 Rxd5 40. Bxd5 Bc2 41. Ne4 Bxa4 42. Nc3 Bc2 43. f4 Nd7 44. Kf2 Bf5 45.
h4 Nf6 46. Bf3 Kf8 47. e4 Bd7 48. e5 Ng4+ 49. Ke2 Nh6 50. Bc6 Be6 51. Kd3 Nf5 52.
Ne4 Nxh4 53. Nd6 Bg4 54. Ke4 Bxh5 55. Nc8 Bf3+ 56. Kd3 Bg4 57. Nxa7 Ke7 58. Be4 f6 59. Nc6+ Ke6 60. Nd4+ Ke7 61. Kc4 fxe5 62. fxe5 g6 63. Kd5 Bd7 64. Nc6+ Kf7 65. Kd6 Bf5 66. e6+ Kf6 67.
e7 Bxe4 68. e8=Q Nf5+ 69. Kc7 Bd5 70. Kxb6 Be6 71. Qd8+ Kf7 72. Ne5+ Kg7 73. Qg5 Ne7 74. Qxe7+ 1-0

[Event "*** Titled Tuesday Blitz"]
[Site "Chess.com"]
[Date "2020.12.01"]
[Round "5"]
[White "Bigfish1995"]
[Black "Man-Chuk"]
[Result "1-0"]
[WhiteElo "3068"]
[BlackElo "2865"]
[TimeControl "180+1"]
[EndTime "10:56:45 PST"]
[Termination "Bigfish1995 won by resignation"]

1. b3 d5 2. Bb2 Bf5 3. e3 e6 4. Ne2 Nf6 5. f3 h6 6. c4 c5 7. Ng3 Bh7 8. cxd5 exd5 9. Bb5+ Nc6 10.
O-O Be7 11. Bxc6+ bxc6 12. d3 O-O 13. e4 c4 14. bxc4 Qb6+ 15. Rf2 dxe4 16. fxe4 Bc5 17. d4 Rad8 18. Rd2 Qxb2 19. Rxb2 Rxd4 20. Qf1 Rd1+ 21.
Rf2 Rxf1+ 22. Kxf1 Bd4 23. Nc3 Bxc3 24. Rc1 Bd4 25. Re2 Ng4 26. h3 Ne5 27. c5 Bg6 28. Nf5 Bxf5 29. exf5 f6 30. Re4 Bb2 31. Rc2 Rb8 32. Ra4 Rb7 33. Ke2 Nd7 34. a3 Be5 35.
Rb4 Rc7 36. Kd3 Kf7 37. g4 a5 38. Rb1 Ra7 39. a4 Bc7 40. Kd4 Ke7 41. Re2+ Ne5 42.
Reb2 Kd7 43. Rb3 Ra8 44. Rb7 Rd8 45. Ke4 Kc8 46. Ra7 Rd5 47. Ra8+ Kd7 48. Rb7 Nd3 49. Rba7 Nxc5+ 50. Ke3 Kd6 51. Rg8 Bb6 52. Raa8 Nd7+ 53. Ke2 Re5+ 54. Kf1 Re7 55. Rae8 Rxe8 56. Rxe8 Nc5 57.
Rg8 Nxa4 58. Rxg7 Be3 59. h4 Nc3 60. Kg2 a4 61. Kf3 Bd4 62. Rg8 a3 63. Ra8 Kc5 64. Rxa3 Nd5 65. Ra8 Kd6 66. Rh8 c5 67. Rxh6 c4 68. Ke4 Be5 69. g5 c3 70. gxf6 Nxf6+ 71. Kd3 Kd5 72. Rh8 Ng4 73. Rd8+ Kc5 74. h5 Nf2+ 75.
Kc2 Ng4 76. Rg8 Kc4 77. Rxg4+ Kd5 78. h6 1-0

[Event "*** Titled Tuesday Blitz"]
[Site "Chess.com"]
[Date "2020.12.01"]
[Round "5"]
[White "Andreikka"]
[Black "Rud_Makarian"]
[Result "0-1"]
[WhiteElo "2869"]
[BlackElo "2729"]
[TimeControl "180+1"]
[EndTime "10:56:45 PST"]
[Termination "Rud_Makarian won on time"]

1. d4 Nf6 2. Bg5 Ne4 3. Bh4 g5 4. Bg3 Nxg3 5. hxg3 Bg7 6. e4 c5 7. Nf3 cxd4 8. Nbd2 h6 9. Bd3 Nc6 10. a3 d6 11. Qe2 a6 12. Bc4 e6 13. Bb3 Qe7 14. Nc4 b5 15. Nb6 Rb8 16. Nxc8 Rxc8 17. O-O-O O-O 18. Kb1 Qa7 19. e5 Nxe5 20. Nxe5 dxe5 21.
g4 a5 22. Qe4 a4 23. Ba2 Qa8 24. Rde1 Qxe4 25. Rxe4 Rc5 26. f3 Rfc8 27. Re2 Kf8 28. Rd1 Ke7 29. Rd3 Rd8 30. b4 Rc7 31. c3 Rxc3 32. Rxc3 dxc3 33. Kc2 e4 34. fxe4 Be5 35. Bb1 Rh8 36. Kd1 h5 37. gxh5 Rxh5 38. Bd3 Rh1+ 39. Re1 Rh2 40. Re2 g4 41. Bxb5 Rh1+ 42.
Kc2 Ra1 43. Bxa4 Ra2+ 44. Kd3 Rxa3 45. Bc2 Ra7 46. Kc4 Rc7+ 47. Kb3 Kf6 48. Rf2+ Kg5 49. b5 Rb7 50. Kc4 Rc7+ 51. Kb4 Bd4 52. Rf1 f6 53.
Kb3 Rb7 54. Kc4 e5 55. g3 Rc7+ 56. Kd3 Rb7 57. Kc4 Ra7 58. Kb3 Ra5 59. Bd3 Ra7 60. Rf5+ Kg6 61. Rf1 Ra5 62. Rb1 Ra7 63. Kc4 Ra2 64.
Rc1 Rg2 65. Rc2 Rxg3 66. Be2 Rg2 67. Kd3 Rg3+ 68. Kc4 Kg5 69. Kd5 Re3 70. Ke6 g3 71. Bf1 Rxe4 72. Bg2 Rf4 73. Kd5 Rf2 74. Rxf2 gxf2 75.
Ke4 Kg4 76. Kd3 Kg3 77. Bf1 Kh2 78. Be2 Kg1 0-1

[Event "*** Titled Tuesday Blitz"]
[Site "Chess.com"]
[Date "2020.12.01"]
[Round "5"]
[White "ExtremeLearner"]
[Black "Witik"]
[Result "0-1"]
[WhiteElo "2410"]
[BlackElo "2610"]
[TimeControl "180+1"]
[EndTime "10:56:52 PST"]
[Termination "Witik won by checkmate"]

1. Nf3 Nf6 2. g3 d5 3. d4 c6 4. Bg2 Bf5 5. c4 e6 6. Nc3 Nbd7 7. Qb3 Qb6 8. c5 Qa6 9. Bf1 Ne4 10. e3 b5 11. a4 Qa5 12. Bd2 Nxd2 13. Kxd2 Bxc5 14. dxc5 Nxc5 15. Qd1 b4 16. Na2 Ne4+ 17. Ke2 c5 18.
Nh4 Bg6 19. f3 Nd6 20. Kf2 O-O 21. Nxg6 fxg6 22. Bh3 Rf6 23. Kg2 Raf8 24. Rf1 Nc4 25. Qe2 Qc7 26. b3 Na5 27. Rab1 Qe5 28. f4 Qd6 29.
Kg1 Nc6 30. Bg2 e5 31. Rbd1 d4 32. exd4 Nxd4 33. Qc4+ Kh8 34. fxe5 Qxe5 35. Rxf6 gxf6 36. Qd3 f5 37. Qd2 f4 38. Re1 Qf6 39. gxf4 Nxb3 40. Qe3 Nd4 41. Nxb4 cxb4 42. Bd5 Qxf4 43. Qxf4 Rxf4 44.
Re8+ Kg7 45. Rg8+ Kh6 46. Rb8 a5 47. Rb7 Rf5 48. Bg8 Kg5 49. Bxh7 Rf3 50. Rb6 Ra3 51.
Rxg6+ Kf4 52. Rd6 Nf3+ 53. Kf2 Ra2+ 54. Kf1 Nxh2+ 55. Ke1 Nf3+ 56. Kd1 b3 57. Rf6+ Ke3 58. Re6+ Kf2 59. Rb6 Ra3 60. Kc1 Nd4 61. Kb2 Rxa4 62.
Bg8 Ke3 63. Bxb3 Rb4 64. Rxb4 axb4 65. Bf7 Kd2 66. Bg8 Kd3 67. Bf7 Ke4 68. Bg6+ Ke5 69. Bf7 Kd6 70. Bg8 Kc5 71. Bf7 Nb5 72. Bg8 Nd6 73.
Be6 Ne4 74. Bg8 Ng5 75. Bb3 Nh3 76. Ba2 Nf4 77. Bg8 Nd3+ 78. Kc2 Ne5 79. Kb2 Kb5 80.
Be6 Nd3+ 81. Kb3 Nc5+ 82. Kb2 Nxe6 83. Kc2 Kc4 84. Kb2 b3 85. Kb1 Kc3 86. Kc1 Nd4 87. Kb1 b2 88. Ka2 Kc2 89. Ka3 b1=Q 90. Ka4 Qb5+ 91.
Ka3 Qb3# 0-1

[Event "*** Titled Tuesday Blitz"]
[Site "Chess.com"]
[Date "2020.12.01"]
[Round "5"]
[White "dopolian"]
[Black "szabadaba"]
[Result "0-1"]
[WhiteElo "2426"]
[BlackElo "2662"]
[TimeControl "180+1"]
[EndTime "10:56:59 PST"]
[Termination "szabadaba won on time"]

1. e4 c6 2. Nc3 d5 3. Nf3 dxe4 4. Nxe4 Nd7 5. Qe2 Ndf6 6. d4 Bg4 7. h3 Bxf3 8. Qxf3 Qxd4 9. Bd3 e6 10. Be3 Qb4+ 11. c3 Qa5 12. b4 Qc7 13. O-O Nxe4 14. Bxe4 Nf6 15. Bc2 Be7 16. Bf4 Qb6 17. Be3 Qb5 18.
a4 Qd5 19. Qg3 Bd6 20. Qh4 Qe5 21. Rfd1 Qh2+ 22. Kf1 Be7 23. Bg5 Qh1+ 24. Ke2 Qxg2 25. a5 a6 26. c4 h6 27. Rg1 Qh2 28. Bf4 g5 29. Rxg5 Qxf4 30. Qxf4 hxg5 31. Qxg5 Rxh3 32. c5 O-O-O 33. Rd1 Rg8 34. Qf4 Rg4 35. Qe5 Rh5 36. Qe3 Rxb4 37. Qg3 Rg4 38. Qf3 Re5+ 39. Kf1 Rc4 40.
Bd3 Rcxc5 41. Re1 Rxe1+ 42. Kxe1 Rxa5 43. Qh3 Re5+ 44. Kf1 Rd5 45. Qh8+ Rd8 46. Qg7 Rxd3 47. Qxf7 Rd7 48. Qg6 Kc7 49. Qf7 Nd5 50. Qxe6 a5 51.
Qe5+ Bd6 52. Qe4 b5 53. Qd4 a4 54. Qa7+ Kd8 55. Qa8+ Kc7 56. Qa7+ Kd8 57. Qa8+ Ke7 58. Qxc6 Nc7 59. Qb6 Rd8 60. Qb7 Ra8 61. Qc6 a3 62. Qe4+ Kd7 63. Qf5+ Kd8 64. Qg5+ Kc8 65. Qg8+ Kb7 66.
Qg2+ Kb6 67. Qg4 a2 68. Qd4+ Bc5 69. Qa1 Ka5 70. Qc3+ Kb6 71. Qa1 b4 72. Ke2 Nb5 73. Kd2 Nc3 74. Kc2 Kb5 75. Kb3 Ra3+ 76. Kc2 b3+ 77. Kxc3 b2+ 78. Kxb2 Ra4 79. Qf1+ Ka5 80. Kb3 Bb4 81. Qc4 Ra3+ 82. Kc2 a1=Q 83. Qd5+ Ka4 84.
Qc6+ Ka5 85. Qa8+ Kb5 86. Qb8+ Kc5 87. Qc7+ Kd5 88. Qd7+ Bd6 89. Qf7+ Kc5 90. Qf5+ Qe5 91. Qc8+ Kd5 92. Qg8+ Kd4 93. Qg4+ Qe4+ 0-1